 Dungeon Crawl Stone Soup version 0.20-a0-947-g2784f4f (webtiles) character file.

881 MatthieuS the Vandal (level 8, -1/64 HPs)
             Began as a Hill Orc Berserker on Apr 2, 2017.
             Was a Priest of Trog.
             Slain by Duvessa
             ... wielding a +4 rapier of draining
              (15 damage)
             ... on level 5 of the Dungeon.
             The game lasted 00:16:20 (4081 turns).

MatthieuS the Vandal (Hill Orc Berserker)           Turns: 4081, Time: 00:16:20

Health: -1/64      AC:  8    Str: 21    XL:     8   Next: 5%
Magic:  8/8        EV: 11    Int:  7    God:    Trog [***...]
Gold:   52         SH:  0    Dex: 11    Spells: 7/7 levels left

rFire    . . .     SeeInvis .   a - +0 hand axe
rCold    . . .     Gourm    .   (no shield)
rNeg     + . .     Faith    .   o - +0 leather armour {MR+}
rPois    +         Spirit   .   e - +2 hat {MR+}
rElec    .         Reflect  .   j - +0 cloak
rCorr    .         Harm     .   i - +1 pair of gloves
MR       ++++.                  (no boots)
Stlth    +.........             (no amulet)
Regen    1.2/turn               b - ring of poison resistance
MPRegen  0.2/turn               f - ring of positive energy

@: very slightly contaminated, regenerating, hasted, heavily drained, very quick
A: no striking features
a: Berserk, Trog's Hand, Burn Spellbooks, Renounce Religion


You were on level 5 of the Dungeon.
You worshipped Trog.
Trog was most pleased with you.
You were hungry.

You visited 1 branch of the dungeon, and saw 5 of its levels.

You collected 175 gold pieces.
You spent 123 gold pieces at shops.

Inventory:

Hand Weapons
 a - a +0 hand axe (weapon)
 w - a +1 hunting sling of freezing
Missiles
 h - 149 stones (quivered)
 t - 37 sling bullets
Armour
 e - a +2 hat of magic resistance (worn)
 i - a +1 pair of gloves (worn)
 j - a +0 cloak (worn)
 o - a +0 leather armour of magic resistance (worn)
Jewellery
 b - a ring of poison resistance (left hand)
 f - a ring of positive energy (right hand)
Wands
 d - a wand of lightning (6/15)
 n - a wand of disintegration (15/24)
Scrolls
 r - a scroll of enchant armour
 s - 2 scrolls of blinking
 u - 2 scrolls of teleportation
 x - a scroll of identify
Potions
 g - a potion of lignification {unknown}
 l - 3 potions of might
 m - a potion of haste
 p - a potion of heal wounds
 q - a potion of invisibility {unknown}
Comestibles
 c - 4 bread rations
 k - 2 meat rations
 v - 3 chunks of flesh


   Skills:
 - Level 3.6(1.5) Fighting
 + Level 6.8(4.4) Axes
 - Level 7.0(4.7) Slings
 - Level 2.1(0.1) Armour
 - Level 1.5(0.0) Dodging


You had 7 spell levels left.
You didn't know any spells.

Dungeon Overview and Level Annotations

Branches:
Dungeon (5/15)             Temple (0/1) D:4

Altars:
Dithmenos
Nemelex Xobeh

Shops:
D:4 ?

Annotations:
D:5 Dowan, Duvessa


Message History

a - a +0 hand axe (weapon)
Duvessa hits you with a rapier of draining.
You partially resist.
You feel drained.
You slash Duvessa!
Duvessa is almost dead.
Duvessa hits you with a rapier of draining.
You partially resist.
You feel drained.
You hit Duvessa.
Duvessa is almost dead.
Duvessa misses you.
You barely miss Duvessa.
Duvessa is almost dead.
Duvessa hits you with a rapier of draining!
* * * LOW HITPOINT WARNING * * *
You partially resist.
You feel drained.
* * * LOW HITPOINT WARNING * * *
You closely miss Duvessa.
Duvessa is almost dead.
Duvessa hits you with a rapier of draining!
You die...

#.# #.#.........#.... ##.##
##.############.# #...# #.# #.#
#...# #.# ##'# # #...# #)# #####
##... ## ##...# #.####...###....
.## ##....# #...<....##.....
..####.....#########......#......
..'......(...(.e@.........+......
..####.....#########...#.##......
.## ###.#.##### ##.##.###..... ##
#.........# #....# ##.... #
#.###.###.# #.#### ##... #.###.#
#.# #.# ##'# #.#...# #.# #.# #.#
#.#...# #.# #.# #.# #####.#...#
#.# #.# ##.#


You could see Duvessa.

Vanquished Creatures
  A hippogriff (D:4)
  A phantom (D:5)
  3 ogres (D:4)
  A bullfrog (D:4)
  An orc priest (D:4)
  2 hounds
  Jessica (D:3)
  An iguana (D:4)
  8 adders
  2 worms
  A dart slug (D:2)
  3 leopard geckos
  9 orcs
  4 ball pythons
  7 bats
  3 giant cockroaches (D:1)
  5 goblins
  6 hobgoblins
  6 jackals
  3 quokkas
  2 frilled lizards
  A jackal zombie (D:5)
  2 kobolds
  6 rats
79 creatures vanquished.

Notes
Turn   | Place    | Note
-------+----------+-------------------------------------------
     0 | D:1      | MatthieuS the Hill Orc Berserker began the quest for the Orb.
     0 | D:1      | Reached XP level 1. HP: 19/19 MP: 1/1
    68 | D:1      | Reached XP level 2. HP: 4/26 MP: 2/2
   425 | D:1      | Reached skill level 5 in Axes
   790 | D:1      | Reached XP level 3. HP: 31/31 MP: 3/3
  1033 | D:2      | Reached skill level 1 in Slings
  1326 | D:2      | Reached skill level 2 in Slings
  1326 | D:2      | Reached XP level 4. HP: 39/39 MP: 4/4
  1502 | D:3      | Reached ** piety under Trog
  1660 | D:3      | Noticed Jessica
  1664 | D:3      | Killed Jessica
  1664 | D:3      | Reached skill level 3 in Slings
  1679 | D:3      | Found a shadowy altar of Dithmenos.
  1739 | D:3      | Reached XP level 5. HP: 45/45 MP: 5/5
  2105 | D:4      | Noticed an ogre
  2118 | D:4      | Killed an ogre
  2118 | D:4      | Reached skill level 4 in Slings
  2118 | D:4      | Reached XP level 6. HP: 40/51 MP: 6/6
  2162 | D:4      | Found a sparkling altar of Nemelex Xobeh.
  2236 | D:4      | Noticed a hippogriff
  2608 | D:4      | Found a staircase to the Ecumenical Temple.
  2707 | D:4      | Killed a hippogriff
  2707 | D:4      | Reached skill level 5 in Slings
  2707 | D:4      | Reached XP level 7. HP: 40/57 MP: 7/7
  2727 | D:4      | Found Boyshreadip's Magic Scroll Shop.
  2732 | D:4      | Bought a scroll of blinking for 97 gold pieces
  2732 | D:4      | Bought a scroll of identify for 26 gold pieces
  2799 | D:4      | Reached skill level 6 in Slings
  3084 | D:4      | Reached skill level 7 in Slings
  3286 | D:4      | Reached *** piety under Trog
  3390 | D:5      | Entered Level 5 of the Dungeon
  3879 | D:5      | Reached XP level 8. HP: 64/64 MP: 8/8
  4038 | D:5      | Noticed Duvessa
  4040 | D:5      | Noticed Dowan
  4062 | D:5      | HP: 3/64 [Duvessa/rapier of draining (1)]
  4081 | D:5      | Slain by Duvessa

Vault maps used:
D:1:      dpeg_arrival_rooms_b, st_stairs_13, minivault_26, minmay_octomino_c4
D:3:      nicolae_dithmenos_shadow_blocks, uniq_jessica
D:4:      minmay_door_path, overflow_temple_1_default,
          minmay_temple_entry_poolview, serial_shops, kennysheep_mini
D:5:      first_bread, kennysheep_generic_room_9, uniq_duvessa

Skill      XL: |  1  2  3  4  5  6  7 |
---------------+----------------------+-----
Axes           | 5 6 |  6.8
Slings         | 2 3 4 5 7 |  7.0
Fighting       | |  3.6
Armour         | |  2.1
Dodging        | |  1.5

Action                   |  1- 3 |  4- 6 |  7- 9 || total
-------------------------+-------+-------+-------++-------
Melee: Hand axe          |    44 |    13 |     4 ||    61
 Fire: Hunting sling     |    57 |   108 |    77 ||   242
Invok: Trog's Hand       |       |       |     1 ||     1
  Use: Scroll            |     5 |     1 |     7 ||    13
       Potion            |       |       |     2 ||     2
  Eat: Chunk             |     1 |     3 |       ||     4
       Meat ration       |       |     1 |       ||     1
Armor: Animal skin       |    10 |       |       ||    10
       Scale mail        |    26 |       |       ||    26
       Ring mail         |       |     1 |       ||     1
       Leather armour    |       |    21 |     3 ||    24
Dodge: Dodged            |    58 |    41 |     8 ||   107
